[Event "Titled Tuesday Blitz March 07 Early 2023"]
[White "Orozbaev, Eldiar"]
[Black "Tsatsalashvili, Keti"]
[WhiteFideId "13802240"]
[BlackFideId "13603434"]
[WhiteElo "2201"]
[BlackElo "2220"]
[Result "1-0"]
[Round "03"]
[TimeControl "180+2"]
[Date "2023.03.07"]
[WhiteClock "0:00:03"]
[BlackClock "0:00:12"]

1. e4 c5 2. a3 d6 3. b4 cxb4 4. axb4 Nf6 5. d3 g6 6. Bb2 Bg7 7. Nf3 O-O 8. Be2 Bg4 9. O-O Nc6 10. b5 Nb8 11. Nbd2 a6 12. h3 Bd7 13. c4 Nh5 14. Bxg7 Nxg7 15. Qb3 Ne6 16. Qb2 Nf4 17. Rfe1 Qc8 18. Bf1 a5 19. e5 dxe5 20. Nxe5 b6 21. Qd4 Ne6 22. Qxb6 Nc5 23. Rxa5 Na4 24. Rxa4 Rxa4 25. Ne4 Bf5 26. Nc5 Ra2 27. Nc6 Nxc6 28. bxc6 Re8 29. c7 e5 30. Qd6 Ra7 31. Rxe5 Rxe5 32. Qxe5 Qxc7 33. Qd5 Ra1 34. g4 Bc8 35. Ne4 Ra6 36. Qd4 f5 37. Nf6+ Kf7 38. g5 Rd6 39. Nd5 Qd8 40. h4 Be6 41. Qa7+ Rd7 42. Qa6 Bxd5 43. cxd5 Rxd5 44. Qb7+ Rd7 45. Qb3+ Kf8 46. Qc3 Rd4 47. Qc5+ Qd6 48. Qc8+ Kg7 49. Qe8 Rg4+ 50. Bg2 Qc6 51. Qxc6 1-0


[Site "https://www.chess.com"]

[Event "Titled Tuesday Blitz March 07 Early 2023"]
[White "Clawitter, Craig"]
[Black "Petre, Nad-Titus"]
[WhiteFideId "2023105"]
[BlackFideId "1204165"]
[WhiteElo "2289"]
[BlackElo "2354"]
[Result "0-1"]
[Round "03"]
[TimeControl "180+2"]
[Date "2023.03.07"]
[WhiteClock "0:00:01"]
[BlackClock "0:00:13"]

1. e4 c5 2. Nf3 e6 3. d4 cxd4 4. Nxd4 Nf6 5. Nc3 d6 6. g4 h6 7. h4 a6 8. Rg1 Nfd7 9. g5 hxg5 10. hxg5 g6 11. Be3 b5 12. f4 b4 13. Nce2 Bb7 14. Ng3 e5 15. Nf3 exf4 16. Bxf4 Nc5 17. Qd4 Rh7 18. O-O-O Nc6 19. Qe3 Qa5 20. Bc4 O-O-O 21. Kb1 Na4 22. Rh1 Rxh1 23. Nxh1 Bg7 24. e5 dxe5 25. Rxd8+ Qxd8 26. Bg3 Qd1+ 27. Qc1 Qxc1+ 28. Kxc1 e4 29. Nd2 e3 30. Nf1 Bxb2+ 31. Kd1 Nc3+ 32. Ke1 e2 0-1


[Site "https://www.chess.com"]

[Event "Titled Tuesday Blitz March 07 Early 2023"]
[White "Alhadad, Mahmoud"]
[Black "Toropov, Pavel"]
[WhiteFideId "11501863"]
[BlackFideId "24129178"]
[WhiteElo "1955"]
[BlackElo "2182"]
[Result "0-1"]
[Round "03"]
[TimeControl "180+2"]
[Date "2023.03.07"]
[WhiteClock "0:00:02"]
[BlackClock "0:00:31"]

1. e4 e6 2. d4 d5 3. Bd3 dxe4 4. Bxe4 Nf6 5. Bf3 Be7 6. Ne2 O-O 7. Be3 c5 8. Nbc3 Nbd7 9. Qd2 cxd4 10. Nxd4 Ne5 11. O-O-O Nxf3 12. gxf3 e5 13. Rhg1 exd4 14. Bh6 g6 15. Bxf8 Bxf8 16. Ne4 Bf5 17. Qf4 Bxe4 18. fxe4 Bg7 19. Rd3 Nh5 20. Qg4 Qd6 21. Rf3 Re8 22. Re1 Qe5 23. Kb1 d3 24. c3 d2 25. Rd1 Qxe4+ 26. Qxe4 Rxe4 27. Rxd2 Bf6 28. Rd7 Re7 29. Rfd3 Kf8 30. Rd8+ Kg7 31. Ra8 Nf4 32. Rd2 b6 33. Kc2 g5 34. a4 h5 35. Kb3 h4 36. Rdd8 Kg6 37. Rg8+ Kf5 38. Rge8 Rd7 39. Rec8 h3 40. Rc4 Be5 41. a5 bxa5 42. Ka4 Ne6 43. Kxa5 Bxh2 44. Rh8 g4 45. Rh5+ Kg6 46. Rb5 f5 47. Rc6 Kf6 48. Rd5 Rxd5+ 49. Ka6 Rd6 50. Rxd6 Bxd6 51. Kxa7 h2 52. b4 h1=Q 53. b5 Qd5 54. b6 Qc6 55. b7 Bc5+ 56. Ka8 Nd8 57. f4 Qxb7# 0-1


[Site "https://www.chess.com"]

[Event "Titled Tuesday Blitz March 07 Early 2023"]
[White "Bruned, Boris"]
[Black "Gontcharov, Vladislav"]
[WhiteFideId "621790"]
[BlackFideId "4123492"]
[WhiteElo "2049"]
[BlackElo "2470"]
[Result "1/2-1/2"]
[Round "03"]
[TimeControl "180+2"]
[Date "2023.03.07"]
[WhiteClock "0:00:10"]
[BlackClock "0:00:35"]

1. b3 Nf6 2. Bb2 d5 3. e3 e6 4. Nf3 Be7 5. Be2 O-O 6. O-O c5 7. d4 Nc6 8. Nbd2 b6 9. c4 Bb7 10. Rc1 cxd4 11. Nxd4 Nxd4 12. Bxd4 Bd6 13. Bb2 Qe7 14. cxd5 Bxd5 15. Nc4 Bc5 16. Bf3 Rfd8 17. Bxd5 Rxd5 18. Qe2 Rad8 19. Rfd1 h6 20. Rxd5 Rxd5 21. Rd1 Qd7 22. Rxd5 Qxd5 23. Bxf6 gxf6 24. a4 Kg7 25. h3 f5 26. Qb2+ f6 27. Qd2 Qxd2 28. Nxd2 Kf7 29. Kf1 e5 30. Ke2 Ke6 31. f3 Kd5 32. Kd3 a6 33. e4+ Ke6 34. g4 fxg4 35. fxg4 b5 36. axb5 axb5 37. Nf3 Kd6 38. Nh4 Kc6 39. Nf5 Bf8 40. Ne3 Be7 41. Nd5 Bd8 42. Ne3 Be7 43. Nf5 Bf8 44. Nh4 Kc5 45. Ng6 Bd6 46. Nh4 Kb4 47. Kc2 Ka3 48. Nf5 Bf8 49. Ne3 Be7 50. Nd5 Bd8 51. Ne3 Be7 52. Nf5 Bf8 53. Ne3 Kb4 54. Nd5+ Kc5 55. Kd3 Bg7 56. Ne3 Kb4 57. Kc2 Bf8 58. Nf5 Kc5 59. Kd3 Kb4 60. Kc2 Kc5 61. Kd3 Kb4 62. Kc2 1/2-1/2


[Site "https://www.chess.com"]

[Event "Titled Tuesday Blitz March 07 Early 2023"]
[White "Hirneise, Jens"]
[Black "Wilson, Elvin"]
[WhiteFideId "24614734"]
[BlackFideId "2014874"]
[WhiteElo "2345"]
[BlackElo "2282"]
[Result "1-0"]
[Round "03"]
[TimeControl "180+2"]
[Date "2023.03.07"]
[WhiteClock "0:01:45"]
[BlackClock "0:00:13"]

1. Nf3 Nf6 2. b3 e6 3. Bb2 c5 4. e3 d5 5. Bb5+ Bd7 6. Bxd7+ Nbxd7 7. O-O Bd6 8. d3 O-O 9. Nbd2 b5 10. c4 a6 11. Qe2 Rb8 12. Rac1 Qe7 13. e4 dxe4 14. dxe4 e5 15. Nh4 g6 16. g3 Rfd8 17. Ng2 Nf8 18. Ne3 Ne6 19. Nd5 Nxd5 20. exd5 Nd4 21. Bxd4 cxd4 22. Rfe1 bxc4 23. Rxc4 Qb7 24. Ne4 Be7 25. d6 Bxd6 26. h4 Bf8 27. Nf6+ Kh8 28. Qxe5 Bg7 29. Qf4 d3 30. Rd1 Qb6 31. Ne4 Rd5 32. Rc6 Qxc6 33. Qxb8+ 1-0


[Site "https://www.chess.com"]

[Event "Titled Tuesday Blitz March 07 Early 2023"]
[White "Degenbaev, Aziz"]
[Black "Abrosimov, Vladimir"]
[WhiteFideId "13802640"]
[BlackFideId "4166892"]
[WhiteElo "2152"]
[BlackElo "2336"]
[Result "1-0"]
[Round "03"]
[TimeControl "180+2"]
[Date "2023.03.07"]
[WhiteClock "0:00:05"]
[BlackClock "0:00:01"]

1. e4 c5 2. Nf3 d6 3. d4 cxd4 4. Nxd4 Nf6 5. Nc3 a6 6. Be2 e5 7. Nb3 Be6 8. Bg5 Be7 9. Bxf6 Bxf6 10. Nd5 Nd7 11. Qd3 O-O 12. Rd1 Nc5 13. Nxc5 dxc5 14. O-O Bxd5 15. Qxd5 Qb6 16. Qb3 Qxb3 17. axb3 Rfd8 18. Rd5 Rxd5 19. exd5 Kf8 20. Bd3 Ke7 21. Be4 g6 22. d6+ Kxd6 23. Bxb7 Ra7 24. Rd1+ Ke7 25. Bc6 Rc7 26. Ba4 Bg7 27. f3 f5 28. Kf2 Bf6 29. c3 Bh4+ 30. Ke2 Bf6 31. Kd3 Ke6 32. Kc4 Be7 33. Be8 Bd6 34. Ra1 Ra7 35. Bc6 g5 36. Bd5+ Kf6 37. g4 e4 38. fxe4 fxg4 39. Rf1+ Kg6 40. e5 Bxe5 41. Kxc5 Bxh2 42. Be4+ Kg7 43. c4 g3 44. Kb6 Re7 45. Bd5 h5 46. c5 h4 47. c6 h3 48. Rf5 Bg1+ 49. Kxa6 h2 50. Rxg5+ Kh6 51. Rxg3 Ra7+ 52. Kb5 Re7 53. Rc3 Rc7 54. Bh1 Kg5 55. Kc4 Kf6 56. Kd5 Kf5 57. b4 Kg6 58. b5 Kf6 59. Rb3 Bb6 60. Rh3 Bg1 61. Rh6+ Kg5 62. Rd6 Bb6 63. Rd7 Kf4 64. Kd6 Rc8 65. Rb7 Bd4 66. Kd7 Rf8 67. c7 Rf7+ 68. Kc6 1-0


[Site "https://www.chess.com"]

[Event "Titled Tuesday Blitz March 07 Early 2023"]
[White "Kalajzic, Ivan"]
[Black "Smietanska, Wiktoria"]
[WhiteFideId "14506378"]
[BlackFideId "21869359"]
[WhiteElo "2203"]
[BlackElo "1910"]
[Result "1-0"]
[Round "03"]
[TimeControl "180+2"]
[Date "2023.03.07"]
[WhiteClock "0:00:25"]
[BlackClock "0:00:01"]

1. b3 e5 2. Bb2 Nc6 3. e3 d5 4. Bb5 Bd6 5. f4 Qe7 6. Nf3 Bg4 7. h3 Bxf3 8. Qxf3 e4 9. Qf2 f6 10. Nc3 Qf7 11. O-O-O Ne7 12. d3 exd3 13. Rxd3 a6 14. Bxc6+ bxc6 15. e4 O-O 16. g4 Ng6 17. Rf3 d4 18. Ne2 c5 19. h4 a5 20. h5 Ne7 21. Rf1 a4 22. Qg2 axb3 23. axb3 Qe6 24. R3f2 Rfb8 25. g5 d3 26. gxf6 Ng6 27. hxg6 h6 28. f5 Qd7 29. f7+ Kf8 30. f6 dxe2 31. fxg7+ Ke7 32. f8=Q+ Rxf8 33. gxf8=Q+ Rxf8 34. Rxf8 exf1=Q+ 35. Qxf1 1-0


[Site "https://www.chess.com"]

[Event "Titled Tuesday Blitz March 07 Early 2023"]
[White "Tsyhanchuk, Stanislav"]
[Black "Ljukin, Sergei"]
[WhiteFideId "13505130"]
[BlackFideId "14102200"]
[WhiteElo "2173"]
[BlackElo "2312"]
[Result "0-1"]
[Round "03"]
[TimeControl "180+2"]
[Date "2023.03.07"]
[WhiteClock "0:00:13"]
[BlackClock "0:01:10"]

1. c4 c6 2. Nc3 d5 3. e3 Nf6 4. Nf3 e6 5. b3 Nbd7 6. Bb2 Bd6 7. d4 O-O 8. Qc2 e5 9. dxe5 Nxe5 10. Nxe5 Bxe5 11. cxd5 cxd5 12. O-O-O Be6 13. Kb1 Rc8 14. Qd2 Bxc3 15. Qxc3 Rxc3 16. Bxc3 Ne4 17. Be1 Bf5 18. Bd3 Qf6 19. f3 Nc5 20. Bxf5 Qxf5+ 21. Ka1 Rc8 22. Bc3 Nxb3+ 23. axb3 Rxc3 24. e4 Qf6 25. Ka2 dxe4 26. Rhe1 e3 27. Re2 g6 28. g4 Qa6+ 29. Kb2 Qxe2+ 30. Kxc3 Qxd1 31. Kc4 e2 32. b4 e1=Q 33. b5 Qee2+ 34. Kc5 Qdc2+ 35. Kd6 Qed3+ 36. Ke7 Qc5+ 37. Kf6 Qdd6# 0-1


[Site "https://www.chess.com"]

[Event "Titled Tuesday Blitz March 07 Early 2023"]
[White "surrenderPLS"]
[Black "Samaganova, Aleksandra"]
[BlackFideId "13800221"]
[WhiteElo "2482"]
[BlackElo "1858"]
[Result "1-0"]
[Round "03"]
[TimeControl "180+2"]
[Date "2023.03.07"]
[WhiteClock "0:00:06"]
[BlackClock "0:00:02"]

1. e4 c5 2. Nf3 e6 3. d4 cxd4 4. Nxd4 a6 5. Bd3 Qc7 6. O-O Nf6 7. Qe2 d6 8. f4 Nbd7 9. c4 Be7 10. Nc3 b6 11. Kh1 Bb7 12. f5 e5 13. Nb3 Rc8 14. Nd5 Nxd5 15. cxd5 b5 16. Be3 Qb8 17. g4 h6 18. a4 bxa4 19. Na5 Nc5 20. Bxc5 Rxc5 21. Rxa4 O-O 22. Rb1 Rfc8 23. Raa1 R8c7 24. b4 Rc3 25. Bxa6 Ba8 26. b5 Qb6 27. Nc6 Bg5 28. Ra4 Re3 29. Qf2 Qc5 30. Kg2 Qb6 31. h4 Bf4 32. Kf1 Bg3 33. Qg2 Bxh4 34. Ra2 Bg5 35. Re2 Rd3 36. Qf2 Re3 37. Rxe3 Bxe3 38. Qe2 Bg5 39. Qf2 Be3 40. Qe2 Bf4 41. Rb3 Bg5 42. Qf2 Bf4 43. Qxb6 Kh7 44. Qxc7 Bxc6 45. bxc6 Bg5 46. Qxf7 Bf6 47. Rb8 h5 48. Qg6# 1-0


[Site "https://www.chess.com"]

[Event "Titled Tuesday Blitz March 07 Early 2023"]
[White "Prieto Aranguren, Alain"]
[Black "Bettalli, Francesco"]
[WhiteFideId "2268906"]
[BlackFideId "2816453"]
[WhiteElo "2209"]
[BlackElo "2216"]
[Result "0-1"]
[Round "03"]
[TimeControl "180+2"]
[Date "2023.03.07"]
[WhiteClock "0:00:17"]
[BlackClock "0:01:07"]

1. e4 g6 2. h4 Bg7 3. h5 d5 4. exd5 Qxd5 5. Nc3 Qe5+ 6. Nge2 Nc6 7. h6 Bf6 8. d3 Bg4 9. Bf4 Bxe2 10. Bxe5 Bxd1 11. Bxf6 Nxf6 12. Rxd1 O-O-O 13. g3 Nd4 14. Kd2 Rhe8 15. Bg2 c6 16. Ne4 Nxe4+ 17. Bxe4 f5 18. Bg2 e5 19. Kc1 Kc7 20. c3 Ne6 21. Rhe1 Ng5 22. Kc2 Nf7 23. a4 Nxh6 24. Rh1 Ng4 25. Rxh7+ Rd7 26. Rxd7+ Kxd7 27. Rf1 Rh8 28. Bf3 Nf6 29. Rh1 Rxh1 30. Bxh1 Ng4 31. f3 Ne3+ 32. Kb3 Nf1 33. g4 f4 34. Kc4 Ne3+ 35. Kb4 g5 36. a5 Kd6 37. a6 b6 38. Kb3 Kc5 39. Ka3 Kb5 40. b4 Kxa6 41. c4 b5 42. c5 Kb7 43. Kb3 a5 44. bxa5 Ka6 45. Kc3 Kxa5 46. d4 b4+ 47. Kd3 exd4 48. Kxd4 b3 49. Kc3 Ka4 50. Kb2 Kb4 0-1


[Site "https://www.chess.com"]

[Event "Titled Tuesday Blitz March 07 Early 2023"]
[White "Manukian, Artak"]
[Black "SicilianPanzer"]
[WhiteFideId "13301373"]
[WhiteElo "2130"]
[BlackElo "2256"]
[Result "1-0"]
[Round "03"]
[TimeControl "180+2"]
[Date "2023.03.07"]
[WhiteClock "0:00:45"]
[BlackClock "0:00:02"]

1. e4 c6 2. d4 d5 3. e5 Bf5 4. c4 e6 5. Nc3 Ne7 6. Nf3 h6 7. Qb3 Qb6 8. c5 Qc7 9. Bf4 b6 10. cxb6 axb6 11. Rc1 Qa7 12. a3 Nd7 13. Be2 g5 14. Be3 Bg7 15. O-O O-O 16. h4 g4 17. Nh2 h5 18. Rfd1 f6 19. exf6 Bxf6 20. Bg5 Ng6 21. Bxf6 Nxf6 22. g3 e5 23. dxe5 Nxe5 24. Nf1 Qf7 25. Qxb6 Ne4 26. Nxe4 Bxe4 27. Qe3 Rab8 28. Nd2 Rxb2 29. Nxe4 dxe4 30. Rf1 Kh8 31. Qh6+ Qh7 32. Qxf8+ 1-0


[Site "https://www.chess.com"]

[Event "Titled Tuesday Blitz March 07 Early 2023"]
[White "Grunberg, Mihai-Lucian"]
[Black "Chakravarthi Reddy, M"]
[WhiteFideId "1204149"]
[BlackFideId "25009532"]
[WhiteElo "2363"]
[BlackElo "2201"]
[Result "1-0"]
[Round "03"]
[TimeControl "180+2"]
[Date "2023.03.07"]
[WhiteClock "0:00:28"]
[BlackClock "0:00:11"]

1. e4 g6 2. d4 Bg7 3. Nc3 d6 4. h4 h6 5. Bc4 a6 6. Be3 b5 7. Bb3 Bb7 8. f3 Nd7 9. Nge2 c5 10. dxc5 dxc5 11. Bd5 Qc7 12. h5 g5 13. Qd2 Ngf6 14. Bxb7 Qxb7 15. Ng3 e6 16. O-O-O b4 17. Na4 Qb5 18. b3 c4 19. f4 gxf4 20. Bxf4 e5 21. Be3 Rc8 22. Nf5 Bf8 23. Bxh6 Nxe4 24. Bxf8 Nxd2 25. Nd6+ Kxf8 26. Nxb5 axb5 27. Rxd2 Nf6 28. Nb6 Rc6 29. Nd7+ Nxd7 30. Rxd7 cxb3 31. axb3 Kg7 32. Rf1 Rf8 33. Rd5 f6 34. Rxb5 Rfc8 35. Rf2 Rc3 36. Rxb4 Rg3 37. Rb7+ Kh6 38. Rxf6+ Kxh5 39. Rh7+ Kg5 40. Rg7+ Kxf6 41. Rxg3 Rd8 42. Rd3 Rg8 43. g3 e4 44. Re3 Ke5 45. Kd2 Rc8 46. c4 Kd4 47. Re1 Rb8 48. Rb1 e3+ 49. Ke2 Rf8 50. Rf1 Rb8 51. Rf4+ Ke5 52. Kxe3 Rxb3+ 53. Kf2 Rb2+ 54. Kf3 Rb3+ 55. Kg4 Rc3 56. Kh4 Rc1 57. Kg5 Rg1 58. g4 Rc1 59. c5 Ke6 60. Rf5 Ke7 61. Kg6 Ra1 62. Rf6 Ra4 63. g5 Rc4 64. c6 Ke8 65. Kg7 Rg4 66. g6 Rb4 67. c7 Rb7 68. Rf8+ Ke7 69. c8=Q Kd6+ 70. Qxb7 1-0


[Site "https://www.chess.com"]

[Event "Titled Tuesday Blitz March 07 Early 2023"]
[White "Castellano, Christopher"]
[Black "Mikhaylova, Irina"]
[WhiteFideId "5203651"]
[BlackFideId "4109040"]
[WhiteElo "2171"]
[BlackElo "1966"]
[Result "1-0"]
[Round "03"]
[TimeControl "180+2"]
[Date "2023.03.07"]
[WhiteClock "0:00:14"]
[BlackClock "0:00:14"]

1. d4 Nf6 2. Bf4 g6 3. e3 Bg7 4. Nf3 O-O 5. h3 d6 6. Be2 Nc6 7. Bh2 Bf5 8. O-O Re8 9. c4 e5 10. Nc3 Ne4 11. Rc1 Nxc3 12. Rxc3 exd4 13. exd4 Be4 14. Re3 Bxf3 15. Rxe8+ Qxe8 16. Bxf3 Nxd4 17. Bxb7 Rb8 18. Re1 Qd8 19. Qa4 Bf6 20. b3 Kg7 21. Qxa7 Nc2 22. Rd1 Nd4 23. Rxd4 Rxb7 24. Qxb7 Bxd4 25. Qd5 Qf6 26. Bg3 h5 27. h4 Bb6 28. a4 Qa1+ 29. Kh2 Qa2 30. Qf3 Qc2 31. Bf4 Qxf2 32. Bg5 Qxf3 33. gxf3 f6 34. Bd2 Kf7 35. a5 Ba7 36. b4 Ke6 37. Bc3 g5 38. Kg3 Kf5 39. Be1 Ke6 40. Bf2 Bb8 41. a6 c5 42. b5 Ba7 43. f4 gxh4+ 44. Kxh4 d5 45. cxd5+ Kxd5 46. Kxh5 Kc4 47. Kg6 Kxb5 48. Kxf6 Kxa6 49. Ke6 Bb8 50. f5 Bc7 51. Bxc5 Bd8 52. Be7 Ba5 53. f6 Bc3 54. f7 Bg7 55. Bf6 Bf8 56. Be7 Bg7 57. Kf5 Kb7 58. Kg6 Bf8 59. Bxf8 Kc6 60. Bg7 Kd7 61. f8=Q Ke6 62. Qf6+ Kd5 63. Qe5+ Kc4 64. Kf5 Kb3 65. Ke4 1-0


[Site "https://www.chess.com"]

[Event "Titled Tuesday Blitz March 07 Early 2023"]
[White "Blokhin, Sofia"]
[Black "Zacurdajev, Dmitry"]
[WhiteFideId "4508190"]
[BlackFideId "4196309"]
[WhiteElo "1994"]
[BlackElo "2179"]
[Result "1/2-1/2"]
[Round "03"]
[TimeControl "180+2"]
[Date "2023.03.07"]
[WhiteClock "0:00:10"]
[BlackClock "0:00:07"]

1. d4 d5 2. c4 e6 3. Nc3 Nf6 4. Bf4 Bd6 5. e3 Bxf4 6. exf4 dxc4 7. Bxc4 O-O 8. Nf3 b6 9. O-O Bb7 10. Ne5 Nc6 11. Ne2 Nxe5 12. fxe5 Nd5 13. Nc3 Rc8 14. Nxd5 Bxd5 15. Bd3 Qd7 16. f4 Rfd8 17. f5 Bb7 18. Rf4 Qd5 19. Be4 Qxd4+ 20. Qxd4 Rxd4 21. Bxb7 Rxf4 22. Bxc8 Rxf5 23. Rd1 g5 24. Rd7 Rxe5 25. Rxc7 Re2 26. Rxa7 Rxb2 27. a4 Kg7 28. Bxe6 Kg6 29. Bxf7+ Kf5 30. Bc4 h5 31. Bb5 Kf4 32. Rf7+ Ke3 33. Rf3+ Ke4 34. h3 g4 35. hxg4 hxg4 36. Rc3 Kf4 37. Kh2 Ra2 38. Rc4+ Kg5 39. Rc6 Kh4 40. Rxb6 g3+ 41. Kg1 Ra1+ 42. Bf1 Rxa4 43. Rc6 Ra1 44. Rc4+ Kg5 45. Rc3 Kg4 46. Rd3 Kf4 47. Rf3+ Kg4 48. Kh1 Rb1 49. Kg1 Rc1 50. Rf8 Rb1 51. Rg8+ Kf4 52. Rg6 Ra1 53. Rg8 Rb1 54. Rf8+ Kg4 55. Rf3 Ra1 56. Rc3 Rb1 57. Rd3 Rc1 58. Rd2 Rb1 59. Re2 Ra1 60. Re4+ Kf5 61. Re3 Kf4 62. Rb3 Rc1 63. Rb4+ Kg5 64. Rd4 Rb1 65. Rd5+ Kf4 66. Rd4+ Kg5 67. Rd5+ Kf4 68. Rd3 Ra1 69. Rf3+ Kg4 1/2-1/2


[Site "https://www.chess.com"]

[Event "Titled Tuesday Blitz March 07 Early 2023"]
[White "De Souza, Cristiano Gomes"]
[Black "Gheorghiu, Calin"]
[WhiteFideId "2151758"]
[BlackFideId "1200305"]
[WhiteElo "2068"]
[BlackElo "2223"]
[Result "1-0"]
[Round "03"]
[TimeControl "180+2"]
[Date "2023.03.07"]
[WhiteClock "0:00:17"]
[BlackClock "0:00:02"]

1. d4 Nf6 2. c4 e6 3. Nf3 Bb4+ 4. Bd2 Qe7 5. g3 O-O 6. Bg2 Ne4 7. O-O Nxd2 8. Nbxd2 c5 9. Nb3 cxd4 10. a3 Bd6 11. Rc1 e5 12. h4 Nc6 13. Qc2 h6 14. c5 Bc7 15. Rfe1 d5 16. e3 dxe3 17. Rxe3 Bg4 18. Rce1 Rfe8 19. Nbd4 Qf6 20. Nxc6 bxc6 21. b4 a5 22. Qb2 axb4 23. axb4 Rab8 24. Nxe5 Bxe5 25. Rxe5 Red8 26. Qd4 Bf3 27. Bxf3 Qxf3 28. R1e3 Qf6 29. Kg2 Ra8 30. Rf3 Qg6 31. Re7 Rf8 32. b5 cxb5 33. Qxd5 Ra1 34. c6 Qb1 35. Kh3 Qh1+ 36. Kg4 Ra4+ 37. Kh5 Qc1 38. Rexf7 Rxf7 39. Qxf7+ Kh8 40. Re3 Qd1+ 41. f3 Ra8 42. Re8+ Rxe8 43. Qxe8+ Kh7 44. Qg6+ Kg8 45. c7 Qxf3+ 46. g4 1-0


[Site "https://www.chess.com"]

[Event "Titled Tuesday Blitz March 07 Early 2023"]
[White "Thiel, Thomas"]
[Black "Avazkhonov, Alikhon"]
[WhiteFideId "4615964"]
[BlackFideId "14208504"]
[WhiteElo "2240"]
[BlackElo "1739"]
[Result "1-0"]
[Round "03"]
[TimeControl "180+2"]
[Date "2023.03.07"]
[WhiteClock "0:01:17"]
[BlackClock "0:00:12"]

1. e4 c5 2. Nc3 d6 3. f4 Nf6 4. Nf3 a6 5. a4 e6 6. Bc4 Be7 7. d3 O-O 8. O-O Nc6 9. Ba2 d5 10. Ne5 Nd4 11. exd5 exd5 12. Ne2 Nf5 13. Ng3 Qc7 14. Bd2 b5 15. axb5 axb5 16. Nxf5 Bxf5 17. g4 Be6 18. g5 Nd7 19. Nxd7 Qxd7 20. Qf3 Ra6 21. f5 Qa7 22. fxe6 fxe6 23. Qe2 Rxf1+ 24. Rxf1 c4+ 25. Kh1 Qb7 26. Bb1 Ra1 27. Qxe6+ Kh8 28. Qf7 d4+ 29. Kg1 1-0


[Site "https://www.chess.com"]

[Event "Titled Tuesday Blitz March 07 Early 2023"]
[White "Burke, John F"]
[Black "Dodaro, Mattia"]
[WhiteFideId "2052970"]
[BlackFideId "28583400"]
[WhiteElo "2239"]
[BlackElo "2421"]
[Result "0-1"]
[Round "03"]
[TimeControl "180+2"]
[Date "2023.03.07"]
[WhiteClock "0:01:00"]
[BlackClock "0:01:13"]

1. d4 h6 2. c4 g5 3. Nc3 Bg7 4. e4 d6 5. Be3 Nf6 6. f3 Nbd7 7. Qd2 c5 8. Nge2 a6 9. O-O-O b5 10. dxc5 dxc5 11. Bxc5 bxc4 12. e5 Nh5 13. e6 fxe6 14. Ng3 Nxg3 15. hxg3 Qc7 16. Ba3 O-O 17. Re1 Ne5 18. f4 Rd8 19. Qc2 Nd3+ 20. Bxd3 cxd3 21. Qd2 gxf4 22. gxf4 Qa5 23. g4 Bxc3 0-1


[Site "https://www.chess.com"]

[Event "Titled Tuesday Blitz March 07 Early 2023"]
[White "Kohler, Aran"]
[Black "Vaglio Mattey, Emanuel"]
[WhiteFideId "1002856"]
[BlackFideId "6504167"]
[WhiteElo "2233"]
[BlackElo "2266"]
[Result "0-1"]
[Round "03"]
[TimeControl "180+2"]
[Date "2023.03.07"]
[WhiteClock "0:00:11"]
[BlackClock "0:00:11"]

1. Nf3 g6 2. d4 Bg7 3. c3 c5 4. Bg5 cxd4 5. cxd4 Nc6 6. Nc3 Nf6 7. e3 O-O 8. Bd3 d6 9. h4 Bg4 10. Qb3 Na5 11. Qa4 a6 12. Be2 b5 13. Qd1 Rc8 14. Rc1 Nc4 15. b3 Nb6 16. Bxf6 Bxf6 17. Ne4 Bg7 18. O-O Nd5 19. Qd2 Qb6 20. Nh2 Bd7 21. h5 Bc6 22. hxg6 hxg6 23. Ng5 Qb7 24. Bf3 Nf6 25. Bxc6 Rxc6 26. Rxc6 Qxc6 27. Rc1 Qd5 28. Nhf3 Bh6 29. Nh3 Ne4 30. Qa5 Ra8 31. Qc7 Qe6 32. Qb7 Rd8 33. Qxa6 Nxf2 34. Nxf2 Qxe3 35. Rf1 b4 36. Qa5 Rb8 37. Qa6 Bf4 38. Qd3 Ra8 39. Qxe3 Bxe3 40. Ra1 Rc8 41. Kf1 Rc2 42. Ng4 Bf4 43. Nf2 f5 44. Nd3 Be3 45. Nxb4 Rf2+ 46. Ke1 Rxg2 47. Kd1 Rf2 48. Ne1 Rd2+ 49. Kc1 Re2+ 50. Kd1 Rd2+ 51. Kc1 Rxd4+ 52. Kb2 Rxb4 53. Nc2 Re4 54. a4 f4 55. a5 Ba7 56. a6 g5 57. Rc1 f3 58. b4 f2 59. b5 g4 60. Kb3 g3 61. Nb4 g2 62. Nc6 Bb6 63. a7 Bxa7 64. Nxa7 f1=Q 65. Rc8+ Kf7 66. b6 Re3+ 67. Kb4 Qb1+ 68. Ka5 Ra3# 0-1


[Site "https://www.chess.com"]

[Event "Titled Tuesday Blitz March 07 Early 2023"]
[White "Biriukov, Ilja"]
[Black "Bochnicka, Vladimir"]
[WhiteFideId "4113373"]
[BlackFideId "14943450"]
[WhiteElo "2426"]
[BlackElo "2094"]
[Result "0-1"]
[Round "03"]
[TimeControl "180+2"]
[Date "2023.03.07"]
[WhiteClock "0:00:22"]
[BlackClock "0:00:30"]

1. d4 Nf6 2. Nc3 d5 3. Bf4 g6 4. h4 h5 5. Qd2 Bg7 6. O-O-O c6 7. f3 b5 8. Nh3 O-O 9. Bh6 b4 10. Na4 Qa5 11. b3 Nbd7 12. Bxg7 Kxg7 13. Qg5 Nb6 14. Nc5 Qxa2 15. e4 Qa1+ 16. Kd2 Qxd4+ 17. Nd3 dxe4 18. Qf4 Qc3+ 19. Ke2 exd3+ 20. cxd3 Nbd5 21. Qg5 Bf5 22. Kf2 Qd4+ 23. Kg3 Nh7 24. Qd2 a5 25. Kh2 a4 26. bxa4 b3 27. Be2 b2 28. g4 hxg4 29. fxg4 Bxg4 30. Bxg4 Qxg4 31. Rhg1 Qxh4 32. Qxb2+ Nhf6 33. Rg3 Rxa4 34. Rdg1 Rfa8 35. R1g2 Nf4 36. Qe5 Nxg2 37. Rxg2 R8a5 38. Qb2 Rh5 39. Rg3 Rg4 40. Qf2 Qxg3+ 41. Qxg3 Rxg3 42. Kxg3 Rxh3+ 0-1


[Site "https://www.chess.com"]

[Event "Titled Tuesday Blitz March 07 Early 2023"]
[White "Dilmukhametov, Artur"]
[Black "Chan, Kim Yew"]
[WhiteFideId "24179922"]
[BlackFideId "5717981"]
[WhiteElo "2199"]
[BlackElo "2206"]
[Result "0-1"]
[Round "03"]
[TimeControl "180+2"]
[Date "2023.03.07"]
[WhiteClock "0:00:01"]
[BlackClock "0:00:07"]

1. d4 Nf6 2. Nc3 d5 3. Bf4 c5 4. e3 cxd4 5. exd4 a6 6. Bd3 Nc6 7. Nf3 Bg4 8. h3 Bxf3 9. Qxf3 Nxd4 10. Qg3 Nc6 11. Be5 e6 12. O-O Nxe5 13. Qxe5 Bd6 14. Qe2 O-O 15. h4 b5 16. a3 Nd7 17. h5 Qg5 18. Qf3 Ne5 19. Qh3 Rfd8 20. f4 Bc5+ 21. Kh1 Qf6 22. fxe5 Qxe5 23. Rae1 Qg5 24. Ne2 h6 25. Qg3 Qxh5+ 26. Qh3 Qxh3+ 27. gxh3 Rac8 28. Rf3 Be7 29. Rg1 e5 30. Rfg3 Bf8 31. c3 e4 32. Bc2 g6 33. Nd4 Bd6 34. R3g2 Kh7 35. h4 h5 36. Bd1 Be5 37. Rg5 Bf6 38. R5g2 Bxh4 39. Rf1 Rc7 40. Ne2 f5 41. Ng3 Rg7 42. Kh2 Bxg3+ 43. Rxg3 d4 44. Re1 d3 45. Kg2 f4 46. Rh3 e3 47. Kf3 Rf7 48. Rh2 e2 49. Bxe2 dxe2 50. Rhxe2 g5 51. Rh2 g4+ 52. Ke2 Re7+ 53. Kf1 Rxe1+ 54. Kxe1 Kg6 55. Ke2 Kf5 56. Rf2 Ke4 57. Rh2 f3+ 58. Kf2 Rd5 59. Rh4 Kf4 60. Rh1 Rd2+ 61. Ke1 Re2+ 0-1


[Site "https://www.chess.com"]

[Event "Titled Tuesday Blitz March 07 Early 2023"]
[White "Osinovsky, Stepan"]
[Black "Mim, Akter"]
[WhiteFideId "4157354"]
[BlackFideId "10263950"]
[WhiteElo "2222"]
[BlackElo "2216"]
[Result "1-0"]
[Round "03"]
[TimeControl "180+2"]
[Date "2023.03.07"]
[WhiteClock "0:00:12"]
[BlackClock "0:00:53"]

1. Nf3 Nf6 2. g3 g6 3. Bg2 Bg7 4. O-O O-O 5. d3 d6 6. Nbd2 e5 7. e4 Ne8 8. Re1 f5 9. c3 Nf6 10. d4 Nc6 11. exf5 exd4 12. fxg6 dxc3 13. gxh7+ Kh8 14. bxc3 Bg4 15. Qb3 Nxh7 16. Qxb7 Na5 17. Qb4 Bxf3 18. Nxf3 c5 19. Qg4 Bxc3 20. Nh4 Rg8 21. Ng6+ Rxg6 22. Qxg6 Bxa1 23. Bxa8 Be5 24. Bh6 Qg8 25. Qxg8+ Kxg8 26. Bd5+ Kh8 27. f4 Bd4+ 28. Kg2 Nf6 29. Be6 Nc6 30. g4 Kh7 31. g5 Nh5 32. Kf3 Ne7 33. Bg4 Ng8 34. Bxh5 Nxh6 35. Re7+ Kg8 36. gxh6 c4 37. Rc7 c3 38. Bg6 Bf6 39. h7+ Kh8 40. Kg4 d5 41. Kf5 Bd4 42. h4 c2 43. h5 c1=Q 44. Rxc1 Kg7 45. Rc7+ Kh6 46. h8=Q+ Bxh8 47. Rh7# 1-0


[Site "https://www.chess.com"]